 Dungeon Crawl Stone Soup version 0.20.0 (webtiles) character file.

1078 SpeedrunTech the Cleaver (level 8, -4/73 HPs)
             Began as a Minotaur Berserker on June 11, 2017.
             Was a Believer of Trog.
             Slain by a porcupine (6 damage)
             ... on level 8 of the Dungeon.
             The game lasted 00:01:34 (2213 turns).

SpeedrunTech the Cleaver (Minotaur Berserker)       Turns: 2213, Time: 00:01:34

Health: -4/73      AC: 11    Str: 24    XL:     8   Next: 8%
Magic:  7/7        EV:  7    Int:  4    God:    Trog [**....]
Gold:   68         SH:  0    Dex: 10    Spells: 7/7 levels left

rFire    . . .     SeeInvis .   a - +0 hand axe
rCold    + . .     Gourm    .   (no shield)
rNeg     . . .     Faith    +   l - +0 plate armour
rPois    .         Spirit   .   (helmet restricted)
rElec    .         Reflect  .   (no cloak)
rCorr    +         Harm     .   (no gloves)
MR       .....                  (no boots)
Stlth    ..........             d - amulet of faith {!P}
Regen    0.3/turn               h - ring of resist corrosion
MPRegen  0.1/turn               i - ring of protection from cold

@: berserk cooldown, flying, slowed, very slow
A: retaliatory headbutt, horns 2
a: Berserk, Trog's Hand, Burn Spellbooks, Renounce Religion


You were on level 8 of the Dungeon.
You worshipped Trog.
Trog was pleased with you.
You were very hungry.

You visited 1 branch of the dungeon, and saw 8 of its levels.

You collected 68 gold pieces.

Inventory:

Hand Weapons
 a - a +0 hand axe (weapon)
Armour
 l - a +0 plate armour (worn)
Jewellery
 d - an amulet of faith (around neck) {!P}
 h - a ring of resist corrosion (left hand)
 i - a ring of protection from cold (right hand)
Scrolls
 e - a scroll of remove curse
 f - a scroll of enchant weapon {unknown}
 g - 2 scrolls of identify {unknown}
 m - a scroll of recharging {unknown}
Comestibles
 c - a royal jelly
 j - a meat ration
 k - a bread ration


   Skills:
 + Level 7.4 Fighting
 * Level 10.0 Axes
 - Level 2.4 Armour
 - Level 2.1 Dodging


You had 7 spell levels left.
You didn't know any spells.

Dungeon Overview and Level Annotations

Branches:
Dungeon (8/15)             Temple (0/1) D:6
   Lair: D:8-11

Altars:
Makhleb
Sif Muna
Trog

Annotations:
D:5 Prince Ribbit


Innate Abilities, Weirdness & Mutations

You reflexively headbutt those who attack you in melee.
You have a pair of horns on your head.


Message History

* * * LOW HITPOINT WARNING * * *
Your skin stops crawling.
You feel less resistant to hostile enchantments.
The porcupine bites you!
* * * LOW HITPOINT WARNING * * *
The yak snorts and paws the ground.
The porcupine bites you.
* * * LOW HITPOINT WARNING * * *
The yak gores you.
* * * LOW HITPOINT WARNING * * *
As you read the scroll labeled RIRCHI PIEBADITS, it crumbles to dust.
You feel blessed for a moment.
It was a scroll of remove curse.
The porcupine bites you but does no damage.
The porcupine bites you.
* * * LOW HITPOINT WARNING * * *
Unknown command.
You aren't carrying any potions.
Unknown command.
You fail to use your ability.
The porcupine bites you.
You die...

##.# #.......# ##.# #.......#
##.#########.......##
.....[...............
##.##########.####### ..
...)................# .# ##
<#.#<.........#####.# ######.##..
.#.########.#######.# #..........
.#.#............@rYt# #$........P
.#.#.####.....####Y.###..........
[#.# ##...## #..#............
...# ##.## #....t..†.†.P..P .###
#.# #.#.....?.†..♣P. .# #.#
#..#........P...P .# ...
#...#....####..... .. .8
..........# ..... ###........#
....P


You could see 2 yaks, a crocodile and a porcupine.

Vanquished Creatures
  A yak (D:8)
  2 porcupines (D:8)
  An orc warrior (D:7)
  An ogre (D:8)
  A centaur (D:7)
  2 crocodiles (D:8)
  Blork the orc (D:5)
  A scorpion (D:8)
  A crimson imp (D:5)
  An iguana (D:6)
  A bullfrog skeleton (D:7)
  A jelly (D:7)
  3 worker ants
  2 adders
  A dart slug (D:1)
  A worm (D:5)
  A leopard gecko (D:2)
  6 orcs
  2 giant cockroaches
  2 goblins (D:2)
  3 jackals (D:6)
  A quokka (D:6)
  2 bats (D:1)
  3 rats
41 creatures vanquished.

Notes
Turn   | Place    | Note
-------+----------+-------------------------------------------
     0 | D:1      | SpeedrunTech the Minotaur Berserker began the quest for the Orb.
     0 | D:1      | Reached XP level 1. HP: 19/19 MP: 0/0
   387 | D:1      | Reached skill level 4 in Axes
   403 | D:2      | Reached XP level 2. HP: 27/27 MP: 1/1
   615 | D:5      | Entered Level 5 of the Dungeon
   643 | D:5      | Noticed a crimson imp
   647 | D:5      | Noticed Blork the orc
   655 | D:5      | Killed Blork the orc
   655 | D:5      | Reached skill level 5 in Axes
   655 | D:5      | Reached XP level 3. HP: 26/34 MP: 2/2
   655 | D:5      | Reached XP level 4. HP: 32/41 MP: 3/3
  1040 | D:5      | Noticed Prince Ribbit
  1097 | D:5      | Found a deep blue altar of Sif Muna.
  1097 | D:5      | Found a bloodstained altar of Trog.
  1153 | D:5      | Reached skill level 6 in Axes
  1153 | D:5      | Reached XP level 5. HP: 34/47 MP: 4/4
  1352 | D:6      | Reached skill level 5 in Fighting
  1364 | D:6      | Reached ** piety under Trog
  1533 | D:6      | Found a burning altar of Makhleb.
  1713 | D:6      | Found a staircase to the Ecumenical Temple.
  1811 | D:7      | Noticed an orc warrior
  1814 | D:7      | Noticed a centaur
  1822 | D:7      | Killed an orc warrior
  1822 | D:7      | Reached skill level 7 in Axes
  1822 | D:7      | Reached XP level 6. HP: 55/56 MP: 5/5
  2052 | D:8      | Reached skill level 8 in Axes
  2052 | D:8      | Reached XP level 7. HP: 63/63 MP: 6/6
  2181 | D:8      | Noticed a yak
  2188 | D:8      | Noticed a yak
  2188 | D:8      | Killed a yak
  2189 | D:8      | Reached skill level 9 in Axes
  2194 | D:8      | Noticed a yak
  2194 | D:8      | Reached XP level 8. HP: 42/73 MP: 7/7
  2197 | D:8      | Reached skill level 10 in Axes
  2209 | D:8      | HP: 7/73 [porcupine (2)]
  2212 | D:8      | HP: 2/73 [porcupine (4)]
  2213 | D:8      | Slain by a porcupine

Skill      XL: |  1  2  3  4  5  6  7  8 |
---------------+-------------------------+-----
Axes           | 4 5 6 7 8 9 10 | 10.0
Fighting       | 4 5 6 7 |  7.4
Armour         | |  2.4
Dodging        | |  2.1

Action                   |  1- 3 |  4- 6 |  7- 9 || total
-------------------------+-------+-------+-------++-------
Melee: Hand axe          |    36 |    64 |    17 ||   117
       Headbutt          |     5 |    16 |     3 ||    24
Invok: Berserk           |     2 |     3 |     1 ||     6
       Trog's Hand       |       |       |     1 ||     1
  Use: Scroll            |       |       |     1 ||     1
       Potion            |       |       |     1 ||     1
 Stab: Sleeping          |     1 |       |       ||     1
  Eat: Chunk             |       |     3 |     1 ||     4
       Bread ration      |       |     1 |       ||     1
Armor: Animal skin       |     3 |     5 |       ||     8
       Plate armour      |       |    10 |    10 ||    20
Dodge: Dodged            |    28 |    28 |     8 ||    64
